Map: Para Site LE

Players

Smileblind - Winner!

  • Race: Protoss Protoss
  • League: Silver
  • Spawn Location: 11:00

VOD

Have the link to the VOD?

Description

Time

  • Played on: Jan. 20, 2019, 1:18 p.m.
  • Length: 3:58
Show
View Real Time Build Order
Export as new Build Order

Smileblind Protoss - Winner!

Build Orders:  

Get SALT Encoding   

  12  0:06  Probe (Chrono Boost)  
  13  0:25  Probe (Chrono Boost)  
  13  0:26  Pylon  
  14  0:36  Probe (Chrono Boost)  
  14  0:49  Probe (Chrono Boost)  
  16  1:03  Forge  
  16  1:06  Probe (Chrono Boost)  
  17  1:23  Probe (Chrono Boost)  
  17  1:27  Pylon  
  18  1:43  Pylon  
  18  1:55  Photon Cannon  
  18  2:16  Photon Cannon  
  18  2:31  Photon Cannon  
  18  2:46  Pylon  
  18  2:55  Pylon  
  18  3:30  Photon Cannon  
  18  3:42  Photon Cannon  
  18  3:52  Pylon  
  18  3:56  Photon Cannon  
Tags
 
League
Silver
Matchup
Co-op
Add a new tag
Caveats
  • Supply blocks, unpowered buildings, or Contaminate may cause inaccurate times.
  • Supply counts are checked every 10 seconds.